 Dungeon Crawl Stone Soup version 0.25-b1-29-g4cfa5c7bda (webtiles) character file.

Game seed: 9083302154994356102, levelgen mode: deterministic

118 Delamore the Cudgeler (level 5, -2/32 HPs)
             Began as a Gargoyle Fighter on June 3, 2020.
             Slain by a phantom (3 damage)
             ... on level 3 of the Dungeon.
             The game lasted 00:01:31 (1327 turns).

Delamore the Cudgeler (Gargoyle Fighter)            Turns: 1327, Time: 00:01:31

Health: -2/32      AC: 10    Str: 20    XL:     5   Next: 2%
Magic:  5/5        EV:  7    Int:  9    God:
Gold:   60         SH:  9    Dex:  9    Spells: 4/4 levels left

rFire    . . .     SeeInvis .   a - +0 flail
rCold    . . .     Gourm    .   c - +0 kite shield
rNeg     + . .     Faith    .   b - +0 scale mail
rPois    ∞         Spirit   .   (no helmet)
rElec    +         Reflect  .   (no cloak)
rCorr    .         Harm     .   (no gloves)
MR       .....                  (no boots)
Stlth    ..........             (no amulet)
HPRegen  0.10/turn              (no ring)
MPRegen  0.09/turn              (no ring)

@: mighty, brilliant, stab
A: negative energy resistance 1, electricity resistance, unbreathing,
petrification resistance, rot immunity, AC +4
a: no special abilities


You were on level 3 of the Dungeon.
You were not hungry.

You visited 1 branch of the dungeon, and saw 3 of its levels.

You collected 60 gold pieces.

Inventory:

Hand Weapons
 a - a +0 flail (weapon)
Armour
 b - a +0 scale mail (worn)
 c - a +0 kite shield (worn)
Jewellery
 j - a +6 ring of dexterity {unknown}
Scrolls
 e - 7 scrolls of identify {unknown}
 h - 2 scrolls of blinking {unknown}
 i - 2 scrolls of amnesia {unknown}
 m - 2 scrolls of teleportation {unknown}
Comestibles
 f - 6 rations


   Skills:
 - Level 3.2 Fighting
 + Level 5.0 Maces & Flails
 - Level 3.2 Armour
 - Level 3.2 Shields


You had 4 spell levels left.
You didn't know any spells.
Your spell library was empty.

Dungeon Overview and Level Annotations

Branches:
Dungeon (3/15)

Altars:


Innate Abilities, Weirdness & Mutations

You are resistant to torment.
Your stone body is resilient. (AC +4)
You are immune to poison.
You resist negative energy. (rN+)
You are resistant to electric shocks. (rElec)
You can survive without breathing.
You are immune to petrification.
You are immune to rotting.


Message History

The orc hits you but does no damage. You block the orc's attack.
You sock the orc!
You kill the orc!
The orc hits you but does no damage.
You hit the phantom.
The phantom is lightly damaged.
You block the orc's attack.
The phantom blinks!
The frilled lizard closely misses you. The orc hits you with a +0 short sword.
* * * LOW HITPOINT WARNING * * *
You closely miss the frilled lizard. You block the frilled lizard's attack.
The orc hits you but does no damage.
The frilled lizard bites you but does no damage.
You closely miss the frilled lizard. The orc closely misses you.
You block the frilled lizard's attack.
You closely miss the frilled lizard. The orc hits you but does no damage.
You block the frilled lizard's attack.
You hit the phantom.
The phantom is moderately damaged.
The phantom hits you.
You die...

## ## #.
.# #o#.#
#W@)#
......l.)#
###.##..##
# ..## ...
.... .....
#.#...


You could see a phantom, an orc and a frilled lizard.

Vanquished Creatures
  An orc wizard (D:3)
  2 worker ants (D:2)
  An adder (D:2)
  A dart slug (D:1)
  A leopard gecko (D:2)
  An orc (D:3)
  8 bats
  5 goblins
  6 hobgoblins
  A quokka (D:2)
  A ball python (D:2)
  2 kobolds
  5 rats
35 creatures vanquished.

Notes
Turn   | Place    | Note
-------+----------+-------------------------------------------
     0 | D:1      | Delamore the Gargoyle Fighter began the quest for the Orb.
     0 | D:1      | Reached XP level 1. HP: 14/14 MP: 1/1
    84 | D:1      | Reached XP level 2. HP: 11/19 MP: 2/2
   122 | D:1      | Reached skill level 3 in Maces & Flails
   686 | D:2      | Reached XP level 3. HP: 20/23 MP: 3/3
   800 | D:2      | Reached skill level 4 in Maces & Flails
   800 | D:2      | Reached XP level 4. HP: 13/28 MP: 4/4
  1300 | D:3      | Noticed a phantom
  1315 | D:3      | Reached skill level 5 in Maces & Flails
  1318 | D:3      | Reached XP level 5. HP: 6/32 MP: 5/5
  1320 | D:3      | HP: 1/32 [orc/+0 short sword (2)]
  1327 | D:3      | Slain by a phantom

Illustrated notes

Levels and vault maps discovered:
D:1:      erik_arrival_triangle_small, layout_rooms
D:2:      layout_rooms, first_ration
D:3:      kennysheep_the_goblin_king, layout_rooms,
          amethyst_overflow_temple_binary

Skill      XL: |  1  2  3  4 |
---------------+-------------+-----
Maces & Flails | 3 4 5 |  5.0
Fighting       | |  3.2
Armour         | |  3.2
Shields        | |  3.2

Action                   |  1- 3 |  4- 6 || total
-------------------------+-------+-------++-------
Melee: Flail             |    87 |    61 ||   148
  Use: Potion            |       |     4 ||     4
  Eat: Chunk             |       |     2 ||     2
Armor: Scale mail        |    56 |    58 ||   114
Dodge: Dodged            |    33 |    39 ||    72
Block: Kite shield       |    56 |    50 ||   106
